 Dungeon Crawl Stone Soup version 0.31-a0-230-g09eb5fc4d3 (webtiles) character file.

Game seed: 3852987917519203889

55 qw the Shooter (level 3, 0/29 HPs)
             Began as a Minotaur Hexslinger on July 6, 2023.
             Slain by a hobgoblin (3 damage)
             ... led by Robin
             ... on level 2 of the Dungeon.
             The game lasted 00:00:23 (998 turns).

qw the Shooter (Minotaur Hexslinger)                 Turns: 998, Time: 00:00:24

Health: 0/29       AC:  2    Str: 12    XL:     3   Next: 67%
Magic:  3/3        EV: 12    Int: 10    God:
Gold:   64         SH:  0    Dex: 14    Spells: 3/4 levels left

rFire   . . .        Y - +2 sling
rCold   . . .        (no shield)
rNeg    . . .        c - +0 robe
rPois   .            (helmet restricted)
rElec   .            (no cloak)
rCorr   .            (no gloves)
SInv    .            (no boots)
Will    .....        (no amulet)
Stlth   +            (no ring)
HPRegen 0.24/turn    (no ring)
MPRegen 0.08/turn

%: no passive effects
@: no status effects
A: horns 2, retaliatory headbutt
a: no special abilities


You were on level 2 of the Dungeon.
You visited 1 branch of the dungeon, and saw 2 of its levels.

You collected 64 gold pieces.


Innate Abilities, Weirdness & Mutations

You have a pair of horns on your head.
You reflexively headbutt those who attack you in melee.


   Skills:
 - Level 2.0 Fighting
 + Level 4.2 Ranged Weapons
 - Level 2.1 Dodging
 - Level 1.0 Spellcasting
 - Level 2.0 Hexes


You had 3 spell levels left.
You knew the following spells:

 Your Spells              Type           Power      Damage    Failure   Level
a - Slow                  Hex            16%        N/A       16%         1

Your spell library contained the following spells:

 Spells                   Type           Power      Damage    Failure   Level
 Inner Flame              Hex/Fire       2%         N/A       56%         3
 Portal Projectile        Hex/Tloc       4%         N/A       56%         3
 Cause Fear               Hex            2%         N/A       83%         4

Inventory:

Hand Weapons
 Y - a +2 sling (weapon)
Armour
 b - the +2 robe of the Ten Tusks {Will+}
   (You found it on level 2 of the Dungeon)

   Will:      It increases your willpower.
 c - a +0 robe (worn)
 f - a +0 pair of gloves
Jewellery
 e - an amulet of the acrobat
Scrolls
 a - a scroll of identify
Potions
 d - 2 potions of berserk rage {unknown}
 h - a potion of resistance {unknown}

Dungeon Overview and Level Annotations

Branches:
Dungeon (2/15)

Altars:

Annotations:
D:2 Robin


Message History

The goblins go into a battle-frenzy!
The hobgoblin barely misses you.
You shoot a sling bullet.
The sling bullet hits the hobgoblin but does no damage.
The hobgoblin is severely wounded.
The hobgoblin closely misses you. You furiously retaliate!
You headbutt the hobgoblin!
You kill the hobgoblin!
A rat comes into view.
The hobgoblin closely misses you.
You shoot a sling bullet. The sling bullet hits the hobgoblin.
The hobgoblin is almost dead.
The goblin hits you with a +0 dagger. The hobgoblin barely misses you.
You shoot a sling bullet.
The sling bullet barely misses the hobgoblin.
The sling bullet hits Robin.
Robin is lightly wounded.
The goblin hits you with a +0 dagger. The hobgoblin closely misses you.
The goblin hits you with a +0 club. The hobgoblin hits you.
The goblin hits you with a +0 dagger. The goblin hits you but does no damage.
You shoot a sling bullet.
The sling bullet closely misses the hobgoblin. x2
The goblin hits you with a +0 dagger. The hobgoblin closely misses you.
The goblin closely misses you. Robin throws the goblin at you!
You shoot a sling bullet.
The sling bullet closely misses the hobgoblin.
The goblin closely misses you. You furiously retaliate!
You headbutt the goblin!
You kill the goblin!
The hobgoblin barely misses you. The goblin closely misses you.
The hobgoblin closely misses you.
You shoot a sling bullet.
The sling bullet closely misses the hobgoblin.
The sling bullet barely misses Robin.
The hobgoblin closely misses you. The goblin hits you with a +0 club.
The hobgoblin closely misses you. The goblin hits you with a +0 club.
You shoot a sling bullet. The sling bullet hits the hobgoblin.
You kill the hobgoblin!
The goblin hits you with a +0 club. The goblin hits you but does no damage.
The hobgoblin hits you.
You die...

.............##.
.....#............#..
#..........#..%.....#
#..................##
#.........###........
#..))................
#..rg......##.....##.
#..ggg.....##........ #@##.#
#...###... #############g#..#
#..# ##..
#..........:.....####..# ###
#######...###.#...)....#######
###.......................
#....................#####
###...###..########.......
#...# #..# #......# #...# #..#
######..


You could see Robin, a hobgoblin (strong), 3 goblins and a rat.

Vanquished Creatures
  An adder (D:2)
  A dart slug (D:2)
  7 endoplasms
  7 goblins
  3 hobgoblins
  7 jackals (D:1)
  3 kobolds
  3 ball pythons (D:1)
  4 bats
  2 rats (D:2)
38 creatures vanquished.

Notes
Turn   | Place    | Note
-------+----------+-------------------------------------------
     0 | D:1      | qw the Minotaur Hexslinger began the quest for the Orb.
     0 | D:1      | Reached XP level 1. HP: 16/16 MP: 1/1
     0 | D:1      | 0 ||| qw: Version: 0.3-a-46-gb1f654a
     0 | D:1      | 0 ||| qw: Game counter: 1785
     0 | D:1      | 0 ||| qw: Melee chars always use a shield: true
     0 | D:1      | 0 ||| qw: God list: Okawaru
     0 | D:1      | 0 ||| qw: Allow faded altars: false
     0 | D:1      | 0 ||| qw: Do Orc after clearing Dungeon:15 true
     0 | D:1      | 0 ||| qw: Do second Lair branch before Depths: true
     0 | D:1      | 0 ||| qw: Lair rune preference: random
     0 | D:1      | 0 ||| qw: Goals: Normal
     0 | D:1      | 0 ||| PLANNING D:1-11
   112 | D:1      | Found a faded altar of an unknown god.
   140 | D:1      | Reached skill level 3 in Ranged Weapons
   140 | D:1      | Reached XP level 2. HP: 23/23 MP: 2/2
   628 | D:1      | 628 ||| READING 2 scrolls labelled EFIREAL TOTAESCH.
   629 | D:1      | 629 ||| READING scroll labelled ADAFEF SUTI.
   630 | D:1      | 630 ||| READING scroll labelled JUSKIO YNGIANN.
   631 | D:1      | 631 ||| READING scroll labelled CESKEVOJITUE.
   632 | D:1      | 632 ||| DROPPING scroll of poison.
   706 | D:2      | 706 ||| STAIRDANCE
   726 | D:2      | Reached XP level 3. HP: 29/29 MP: 3/3
   740 | D:2      | HP: 7/29 [poisoned by an adder]
   770 | D:2      | 770 ||| FLEEEEING.
   771 | D:2      | 771 ||| FLEEEEING.
   772 | D:2      | 772 ||| STAIRDANCE
   848 | D:2      | 848 ||| STAIRDANCE
   873 | D:2      | Identified the +2 robe of the Ten Tusks {Will+}
   902 | D:2      | Reached skill level 4 in Ranged Weapons
   989 | D:2      | Noticed Robin
   998 | D:2      | HP: 3/29 [goblin/+0 club[Robin] (6)]
   998 | D:2      | Slain by a hobgoblin

Levels and vault maps discovered:
D:1:      wander_arrival_peaceful_grave, layout_basic, serial_curves,
          eino_curves_02, eino_curves_01, basic_ecumenical_altar
D:2:      layout_rooms, serial_shops, nicolae_shop_advertising_works
          [nicolae_subvault_shop_adworks], uniq_robin

Skill      XL: |  1  2  3 |
---------------+----------+-----
Ranged Weapons | 3 4 |  4.2
Fighting       | 2 |  2.0
Dodging        | |  2.1
Spellcasting   | |  1.0
Hexes          | |  2.0

Action                     || total
---------------------------++-------
   Fire: Sling             ||    91
    Use: Scroll            ||     4
 Armour: Robe              ||    10
  Dodge: Dodged            ||    41

Table legend:
 A = Non-vault XP
 B = Vault XP
 C = Vault XP percentage of total XP
 D = Non-vault monster count
 E = Vault monster count
 F = Vault count percentage of total count
                 A         B        C        D         E       F
            +---------+---------+-------+---------+---------+-------
      Total |      69 |      12 |  14.8 |      32 |       6 |  15.8
            +---------+---------+-------+---------+---------+-------
        D:1 |      35 |       0 |   0.0 |      19 |       0 |   0.0
        D:2 |      34 |      12 |  26.1 |      13 |       6 |  31.6
            +---------+---------+-------+---------+---------+-------
